Map: Frozen Temple

Players

niels

  • Race: Terran Terran
  • League: Bronze

Gracz - Winner!

  • Race: Terran Terran
  • League: Bronze

VOD

Have the link to the VOD?

Description

Time

  • Played on: Aug. 28, 2016, 1:58 p.m.
  • Length: 17:21
Show
View Real Time Build Order
Export as new Build Order

niels Terran 

Build Orders: MMM Bio 

Get SALT Encoding   

  12  0:01  SCV  
  13  0:17  SCV  
  14  0:27  Supply Depot  
  14  0:29  SCV  
  15  0:44  Refinery  
  15  0:49  SCV  
  16  0:57  Barracks  
  16  1:01  SCV  
  17  1:13  SCV  
  17  1:17  Refinery  
  19  1:25  SCV  
  19  1:37  SCV  
  20  1:47  Barracks Tech Lab  
  20  1:49  SCV  
  20  1:52  Supply Depot  
  21  2:02  SCV  
  22  2:14  Orbital Command  
  22  2:17  Supply Depot  
  22  2:22  Engineering Bay  
  22  2:31  Factory  
  22  2:44  Marine  
  23  3:02  Barracks, Marine  
  24  3:07  Stimpack  
  24  3:19  Marine  
  24  3:24  Starport  
  25  3:37  Marine  
  26  3:55  Marine  
  27  3:58  Command Center  
  27  4:00  Barracks Reactor  
  27  4:05  Armory  
  27  4:06  Starport Tech Lab  
  27  4:10  Starport  
  27  4:12  Factory Tech Lab  
  27  4:16  Terran Infantry Weapons Level 1  
  27  4:40  Cloaking Field  
  27  4:50  Starport Reactor  
  27  5:03  Refinery  
  27  5:07  Combat Shields  
  27  5:12  Planetary Fortress  
  27  5:14  Refinery  
  27  5:59  Fusion Core  
  27  6:04  Banshee  
  30  6:26  Concussive Shells  
  30  6:37  SCV  
  30  6:39  Marine  
  32  6:47  Banshee  
  32  6:49  SCV  
  36  6:57  Marine  
  36  7:01  SCV  
  38  7:13  SCV  
  38  7:15  Marine  
  40  7:25  SCV  
  41  7:30  Banshee  
  41  7:33  Marine  
  41  7:36  Hyperflight Rotors  
  45  7:51  Marine  
  46  8:12  Banshee  
  49  8:44  Command Center  
  49  8:55  Banshee  
  52  9:55  Banshee  
  55  10:38  Banshee  
  58  11:21  Battlecruiser  
  64  16:10  Weapon Refit  
Show
View Real Time Build Order
Export as new Build Order

Gracz Terran - Winner!

Build Orders:  

Get SALT Encoding   

  12  0:09  SCV  
  13  0:44  Command Center  
Tags
 
Add a new tag
Caveats
  • Supply blocks, unpowered buildings, or Contaminate may cause inaccurate times.
  • Supply counts are checked every 10 seconds.